 Dungeon Crawl Stone Soup version 0.28-b1-25-g9875b3fc8c (webtiles) character file.

Game seed: 11316721405823511247

1166 pkoi the Conjurer (level 8, -6/57 HPs)
             Began as a White Draconian Conjurer on Feb 1, 2022.
             Was an Elder of Vehumet.
             Killed by divine providence
             ... invoked by an orc priest
              (15 damage)
             ... on level 5 of the Dungeon.
             The game lasted 00:07:05 (5934 turns).

pkoi the Conjurer (White Draconian Conjurer)        Turns: 5934, Time: 00:07:06

Health: -6/57      AC:  8    Str:  9    XL:     8   Next: 17%
Magic:  15/15      EV: 12    Int: 21    God:    Vehumet [****..]
Gold:   221        SH:  0    Dex: 10    Spells: 14/17 levels left

rFire   + + .      SeeInvis .   g - +7 great mace "Firestarter" {inner flame, rF++}
rCold   + . .      Faith    .   (shield currently unavailable)
rNeg    . . .      Spirit   .   (armour unavailable)
rPois   .          Reflect  .   (helmet restricted)
rElec   .          Harm     .   h - +0 cloak
rCorr   .          Rampage  .   e - +0 pair of gloves
Will    .....                   (no boots)
Stlth   ++........              (no amulet)
HPRegen 0.19/turn               (no ring)
MPRegen 0.14/turn               (no ring)

@: lethally poisoned (-6 -> -19), studying Poison Magic
A: breathe frost, AC +6, unfitting armour, cold resistance 1, cold-blooded
a: Breathe Frost, Renounce Religion


You were on level 5 of the Dungeon.
You worshipped Vehumet.
Vehumet was greatly pleased with you.
You visited 2 branches of the dungeon, and saw 6 of its levels.

You collected 221 gold pieces.

Inventory:

Hand Weapons
 g - the +7 great mace "Firestarter" (weapon) {inner flame, rF++}
   (You acquired it on level 2 of the Dungeon)

   It burns those it strikes, dealing additional fire damage.
   It fills those it strikes with an explosive inner flame.
   It grants immunity to clouds of flame.
   rF:        It greatly protects you from fire.
 k - a +1 dagger of venom
Missiles
 c - 21 poisoned darts
 s - a throwing net
Armour
 e - a +0 pair of gloves (worn)
 h - a +0 cloak (worn)
Jewellery
 f - a +6 ring of intelligence
 j - the ring of Yloih {Fire Dex+2}
   (You found it on level 2 of the Dungeon)

   [ring of fire]

   It enhances your fire magic.
   Dex:       It affects your dexterity (+2).
   rF:        It protects you from fire.
   rC:        It makes you vulnerable to cold.
Scrolls
 a - 2 scrolls of silence
 d - 2 scrolls of immolation
 n - a scroll of amnesia
 o - a scroll of magic mapping
 p - a scroll of teleportation
Potions
 b - 3 potions of curing
 l - a potion of heal wounds


   Skills:
 + Level 5.0 Maces & Flails
 - Level 1.7 Dodging
 - Level 1.7 Stealth
 + Level 5.0 Spellcasting
 + Level 7.6 Conjurations


You had 14 spell levels left.
You knew the following spells:

 Your Spells              Type           Power      Damage    Failure   Level
a - Magic Dart            Conj           100%       1d8       1%          1
b - Searing Ray           Conj           74%        2d7       1%          2

Your spell library contained the following spells:

 Spells                   Type           Power      Damage    Failure   Level
 Flame Wave               Conj/Fire      21%        2d7       6%          4
 Dazzling Flash           Conj/Hex       42%        N/A       1%          3
 Stone Arrow              Conj/Erth      42%        3d9       1%          3
 Fulminant Prism          Conj/Hex       10%        3d9       6%          4
 Iskenderun's Mystic Bla  Conj/Tloc      21%        2d6       6%          4
 Slow                     Hex            20%        N/A       11%         1
 Confusing Touch          Hex            5%         N/A       32%         3
 Ozocubu's Armour         Ice            5%         N/A       32%         3
 Vampiric Draining        Necr           5%         2d6       32%         3
 Metabolic Englaciation   Hex/Ice        2%         N/A       96%         5
 Simulacrum               Ice/Necr       2%         N/A       100%        6
 Lehudib's Crystal Spear  Conj/Erth      10%        10d4      100%        8
 Animate Armour           Summ/Erth      Unusable   N/A       N/A         4

Dungeon Overview and Level Annotations

Branches:
Dungeon (5/15)             Temple (1/1) D:5

Altars:
Ashenzari
Cheibriados
Dithmenos
Elyvilon
Gozag
Hepliaklqana
Kikubaaqudgha
Nemelex Xobeh
Okawaru
Qazlal
Ru
Sif Muna
Trog
Uskayaw
Vehumet
Wu Jian
Xom
Yredelemnul


Innate Abilities, Weirdness & Mutations

You can breathe waves of freezing cold which knock back foes.
Your icy white scales are hard. (AC +6)
You cannot fit into any form of body armour.
Your flesh is cold resistant. (rC+)
You are cold-blooded and may be slowed by cold attacks.


Message History

The orc wizard gestures wildly while chanting.
The orc wizard flickers and vanishes!
Deactivating autopickup; reactivate with Ctrl-A.
The orc priest closely misses you.
Unknown command.
You barely miss something.
You hear some strange, mumbled words.
Something tries to affect you, but you resist.
The orc priest hits you from afar with a +0 trident.
You hear some strange, mumbled words.
A puff of flame appears from out of thin air!
The puff of flame hits you. You resist.
You miss something. The orc priest closely misses you.
Something barely misses you. The orc priest misses you.
You bludgeon something!! You burn something. Vehumet accepts your kill.
Reactivating autopickup.
You feel a bit more experienced. The orc priest closely misses you.
The orc hits you with a +0 mace.
Your Maces & Flails skill increases to level 5!
You closely miss the orc.
Your tail-slap misses the orc.
The orc priest hits you but does no damage.
The orc hits you with a +0 mace.
The orc priest hits you but does no damage.
You barely miss the orc.
Your tail-slap misses the orc.
The orc hits you with a +0 mace.
* * * LOW HITPOINT WARNING * * *
The orc priest barely misses you. The orc hits you with a +0 mace.
* * * LOW HITPOINT WARNING * * *
You sock the orc! You burn the orc.
You kill the orc!
Vehumet accepts your kill.
The orc priest looks braver for a moment.
The orc hits you but does no damage. The orc priest misses you.
The orc hits you with a +2 dagger of venom.
* * * LOW HITPOINT WARNING * * *
You are lethally poisoned!
The orc priest invokes the aid of Beogh against you.
Beogh smites you!
You die...

* ######### **********##*
##...#...#* ,,,,,,,,,,..*
##.........** ***********.##
#..........,***** *..#
#..........,,,,,* *#.#
#.........$,,,,,,
#.####o.........,,,,,,
#.#oo@o#...#....,,,,,,
##.g)########**,.,,,,,, ##...##
*,,,,,,,,
##########...######******,,,,,,,,
,...................,,,,,,,,,,,,,
##..######.#.#######*****,,,,,,>,
....# ##..#.#***** ****,,,,,,,,
.##.# #..##.#*,,,** *,,,<,,,,,,,
.##.####.###..,,,,,***,**,,,,,,,,


You could see an orc priest, a gnoll and 3 orcs.

Vanquished Creatures
  A black bear (D:5)
  An ogre (D:4)
  A kobold brigand (D:4)
  A scorpion (D:5)
  A water moccasin skeleton (D:5)
  4 wights (D:4)
  A centaur zombie (D:4)
  A howler monkey (D:4)
  A bullfrog zombie (D:5)
  A jelly (D:5)
  A bullfrog skeleton (D:4)
  A gnoll shaman (D:5)
  4 orc priests
  2 orc wizards
  A hound zombie (D:5)
  A hound skeleton (D:4)
  8 gnolls (D:5)
  8 adders
  An adder skeleton (D:4)
  2 worms
  7 dart slugs
  11 orcs
  9 endoplasms
  3 giant cockroaches
  5 goblins
  9 hobgoblins
  6 kobolds
  3 quokkas
  9 ball pythons
  9 bats
  4 frilled lizards
  3 rats (D:2)
120 creatures vanquished.

Notes
Turn   | Place    | Note
-------+----------+-------------------------------------------
     0 | D:1      | pkoi the Draconian Conjurer began the quest for the Orb.
     0 | D:1      | Reached XP level 1. HP: 14/14 MP: 3/3
   277 | D:1      | Reached XP level 2. HP: 20/20 MP: 3/5
   375 | D:1      | Found a faded altar of an unknown god.
   389 | D:1      | Prayed at the altar of an unknown god.
   389 | D:1      | Became a worshipper of Vehumet
   389 | D:1      | Reached * piety under Vehumet
   389 | D:1      | Offered knowledge of Sandblast by Vehumet.
   716 | D:1      | Learned a level 2 spell: Searing Ray
   914 | D:1      | Reached skill level 5 in Conjurations
  1009 | D:1      | Reached XP level 3. HP: 24/26 MP: 1/6
  1148 | D:2      | Identified the ring of Yloih {Fire Dex+2}
  1200 | D:2      | Offered knowledge of Static Discharge by Vehumet.
  1387 | D:2      | Reached ** piety under Vehumet
  1854 | D:2      | Identified a scroll of acquirement
  1854 | D:2      | Acquired the +7 great mace "Firestarter" {inner flame,
                  | rF++}
  1854 | D:2      | Found the +7 great mace "Firestarter" {inner flame, rF++}
  1912 | D:3      | Reached XP level 4. HP: 33/33 MP: 5/7
  2413 | D:3      | Reached skill level 1 in Maces & Flails
  2587 | D:3      | Reached XP level 5. HP: 30/38 MP: 3/8
  2600 | D:3      | Offered knowledge of Conjure Flame by Vehumet.
  2601 | D:3      | Reached skill level 6 in Conjurations
  2755 | D:3      | Found a bloodstained altar of Trog.
  3215 | D:4      | Noticed an ogre
  3216 | D:4      | Reached XP level 6. HP: 41/45 MP: 8/10
  3489 | D:4      | Reached *** piety under Vehumet
  3948 | D:4      | Your scales start taking on an icy white colour.
  3948 | D:4      | Reached XP level 7. HP: 29/50 MP: 6/12
  3948 | D:4      | Gained mutation: Your flesh is cold resistant. (rC+) [White
                  | Draconian growth]
  4517 | D:4      | Offered knowledge of Flame Wave by Vehumet.
  4890 | D:5      | Entered Level 5 of the Dungeon
  4910 | D:5      | Reached skill level 7 in Conjurations
  5039 | D:5      | Found a staircase to the Ecumenical Temple.
  5446 | Temple   | Entered the Ecumenical Temple
  5824 | D:5      | Reached XP level 8. HP: 39/57 MP: 13/15
  5922 | D:5      | Reached **** piety under Vehumet
  5923 | D:5      | Reached skill level 5 in Spellcasting
  5931 | D:5      | Reached skill level 5 in Maces & Flails
  5934 | D:5      | Killed from afar by an orc priest

Illustrated notes

Levels and vault maps discovered:
D:1:      zaba_arrival_water, layout_loops_ring, serial_glass, glass_columns_c,
          glass_columns_c, glass_columns_b, glass_columns_b,
          shapermc_ecumenical_altar_mp_ritualfount
D:2:      layout_rooms, minivault_14
D:3:      layout_basic, mainiacjoe_overflow_cross_hatched
D:4:      layout_basic, minmay_manual_moon
D:5:      layout_rooms, minmay_temple_entry_stoned_glass,
          hangedman_decor_slide_cut, minmay_fountain_box
Temple:   minmay_crystal_spiral_temple

Skill      XL: |  1  2  3  4  5  6  7  8 |
---------------+-------------------------+-----
Conjurations   | 5 6 7 |  7.6
Maces & Flails | 1 2 3 4 5 |  5.0
Spellcasting   | 3 4 5 |  5.0
Dodging        | |  1.7
Stealth        | |  1.7

Action                   |  1- 3 |  4- 6 |  7- 9 || total
-------------------------+-------+-------+-------++-------
Melee: Unarmed           |    10 |       |       ||    10
       Tailslap          |     3 |     2 |     4 ||     9
       Great mace        |     3 |    18 |    30 ||    51
 Cast: Magic Dart        |    76 |    82 |    82 ||   240
       Searing Ray       |     1 |     4 |     4 ||     9
  Use: Scroll            |     7 |     1 |     2 ||    10
       Potion            |     1 |       |     5 ||     6
Armor: Skin              |    14 |     9 |    20 ||    43
Dodge: Dodged            |    31 |    26 |    46 ||   103
